 Dungeon Crawl Stone Soup version 0.26.0-10-g1f06aea511 (webtiles) character file.

Game seed: 17700087958143286478

10688 funkygono the Geomancer (level 11, -12/58 HPs)
             Began as a Gargoyle Earth Elementalist on Jan 31, 2021.
             Was a Priest of Vehumet.
             Mangled by an enormous slime creature (31 damage)
             ... on level 10 of the Dungeon.
             The game lasted 00:33:27 (12740 turns).

funkygono the Geomancer (GrEE)                     Turns: 12740, Time: 00:33:28

Health: -12/58     AC: 22    Str: 11    XL:     11   Next: 66%
Magic:  5/25       EV: 12    Int: 23    God:    Vehumet [***...]
Gold:   592        SH:  0    Dex: 10    Spells: 14/31 levels left

rFire    . . .     SeeInvis +   B - +8 whip (elec)
rCold    . . .     Faith    .   (no shield)
rNeg     + . .     Spirit   .   l - +3 leather armour
rPois    ∞         Reflect  .   c - +2 hat {Int+3}
rElec    +         Harm     .   w - +2 cloak
rCorr    .         Rampage  .   k - +2 pair of gloves
Will     +....                  (no boots)
Stlth    ++........             e - amulet of the acrobat
HPRegen  0.19/turn              n - ring of willpower
MPRegen  0.19/turn              A - ring of see invisible

@: frozen ramparts, very slightly contaminated
A: negative energy resistance 1, electricity resistance, unbreathing,
petrification resistance, miasma immunity, AC +8
a: Renounce Religion


You were on level 10 of the Dungeon.
You worshipped Vehumet.
Vehumet was most pleased with you.
You visited 2 branches of the dungeon, and saw 11 of its levels.
You also visited: Sewer.

You collected 592 gold pieces.

Inventory:

Hand Weapons
 B - a +8 whip of electrocution (weapon)
Missiles
 z - 84 stones
Armour
 c - a +2 hat of intelligence (worn)
 k - a +2 pair of gloves (worn)
 l - a +3 leather armour (worn)
 w - a +2 cloak (worn)
 E - a +2 robe of resistance
Magical Staves
 H - an uncursed staff of fire
Jewellery
 e - an amulet of the acrobat (around neck)
 m - an uncursed ring of fire
 n - a ring of willpower (left hand)
 p - an uncursed ring of ice
 A - a ring of see invisible (right hand)
Wands
 a - a wand of digging (6)
 b - a wand of polymorph (24)
 y - a wand of acid (9)
 C - a wand of iceblast (10)
 G - a wand of flame (16)
Scrolls
 h - 2 scrolls of identify
 i - 3 scrolls of amnesia
 j - 8 scrolls of teleportation
 o - 8 scrolls of remove curse
 s - 2 scrolls of fog
 x - 4 scrolls of enchant armour
 F - 2 scrolls of enchant weapon
 I - a scroll of holy word {unknown}
Potions
 d - a potion of magic
 f - 2 potions of haste
 g - 3 potions of might
 q - 6 potions of curing
 r - 2 potions of brilliance
 t - 3 potions of flight
 u - a potion of heal wounds
 v - 2 potions of mutation
 D - a potion of attraction
 J - a potion of lignification {unknown}


   Skills:
 + Level 2.3 Fighting
 + Level 4.3 Maces & Flails
 + Level 3.6 Armour
 + Level 2.9 Dodging
 + Level 3.2 Stealth
 + Level 10.5 Spellcasting
 + Level 8.3 Conjurations
 + Level 0.7 Transmutations
 + Level 1.1 Ice Magic
 + Level 11.6 Earth Magic


You had 14 spell levels left.
You knew the following spells:

 Your Spells              Type           Power        Failure   Level
a - Sandblast             Erth           100%         1%          1
b - Stone Arrow           Conj/Erth      100%         1%          3
c - Lee's Rapid Deconstr  Erth           30%          1%          5
d - Freeze                Ice            68%          1%          1
e - Frozen Ramparts       Ice            34%          3%          3
f - Hailstorm             Conj/Ice       33%          2%          4

Your spell library contained the following spells:

 Spells                   Type           Power        Failure   Level
 Passwall                 Tmut/Erth      33%          1%          2
 Beastly Appendage        Tmut           30%          4%          1
 Petrify                  Tmut/Erth      40%          5%          4
 Animate Skeleton         Necr           24%          7%          1
 Apportation              Tloc           24%          7%          1
 Corona                   Hex            13%          7%          1
 Summon Small Mammal      Summ           48%          7%          1
 Wereblood                Tmut           15%          8%          2
 Spider Form              Tmut/Pois      6%           19%         3
 Ice Form                 Ice/Tmut       16%          43%         4
 Blade Hands              Tmut           7%           80%         5


Dungeon Overview and Level Annotations

Branches:
Dungeon (10/15)            Temple (1/1) D:5            Lair (0/6) D:8
    Orc (0/2) D:9           Sewer (visited)

Altars:
Ashenzari
Cheibriados
Dithmenos
Elyvilon
Fedhas
Gozag
Hepliaklqana
Kikubaaqudgha
Makhleb
Nemelex Xobeh
Okawaru
Qazlal
Ru
Sif Muna
Trog
Uskayaw
Vehumet
Wu Jian
Xom
Yredelemnul
Zin
The Shining One
Beogh

Shops:
D:6 ?   D:9 *

Annotations:
D:8 2 transporters, Raspi's ghost, novice FoCK
D:9 1 runed translucent door, IHuginn's ghost, novice TrBe


Innate Abilities, Weirdness & Mutations

You are resistant to torment.
Your stone body is resilient. (AC +8)
You are immune to poison.
You resist negative energy. (rN+)
You are resistant to electric shocks. (rElec)
You can survive without breathing.
You are immune to petrification.
You are immune to miasma.


Message History

Confirm with . or Enter, or press ? or * to list all spells.
Aiming: Stone Arrow (safe; 1% risk of failure)
Press: ? - help, Shift-Dir - straight line, f - enormous slime creature
Aim: an enormous slime creature (moderately wounded, 5% to evade)
The stone arrow hits the enormous slime creature!!
The enormous slime creature is moderately wounded.
A slime creature comes into view.
The wall freezes the enormous slime creature.
The enormous slime creature hits you!
Casting: Stone Arrow (safe; 1% risk of failure)
Confirm with . or Enter, or press ? or * to list all spells.
Aiming: Stone Arrow (safe; 1% risk of failure)
Press: ? - help, Shift-Dir - straight line, f/p - enormous slime creature
Aim: an enormous slime creature (moderately wounded, 5% to evade)
The stone arrow hits the enormous slime creature!
The enormous slime creature is heavily wounded.
The wall freezes the enormous slime creature.
The enormous slime creature hits you!!
Ouch! That really hurt!
You die...

#....##............#...........
####.##...........##.#.##.#....
##.#####.............)....##.
#####..###.....#............###..
.......)......##..##......÷)###..
####........####..##........##..#
#...####### #..####?.###....##
#>..# #.## #........## ###..##
#@# #.........## #....# #J#
###........# .....# #.!....#
#......#.. .....# #......#
#......##. .=..<# #....(.#
#......##. .....# #..$...#
###.#####. ...(.# #....J.#
#....(.. .....# #......# ########
.....# ####...#


You could see an enormous slime creature and a slime creature.

Vanquished Creatures
  Gastronok (D:8)
  Harold (D:8)
  Pikel (D:5)
  Psyche (D:8)
  3 komodo dragons (D:8)
  Prince Ribbit (D:8)
  Grinder (D:6)
  5 yaks
  Eustachio (D:3)
  Menkaure (D:5)
  Edmund (D:6)
  3 ice beasts
  A sky beast (D:10)
  5 orc warriors
  3 black bears
  A necrophage (D:7)
  7 ogres
  4 phantoms
  5 centaurs
  2 big kobolds
  9 bullfrogs
  Blork the orc (D:6)
  A gnoll sergeant (D:9)
  5 scorpions
  8 wights
  A howler monkey (D:4)
  2 jellies (D:9)
  A bullfrog zombie (D:8)
  2 quasits (D:9)
  5 hounds
  7 orc priests
  Crazy Yiuf (D:4)
  A centaur skeleton (D:10)
  7 orc wizards
  5 iguanas
  8 worker ants
  A killer bee zombie (D:6)
  A hound zombie (D:10)
  13 gnolls
  13 adders
  3 shadow imps
  2 white imps (D:5)
  An ufetubus (D:9)
  2 oozes (Sewer)
  9 worms
  4 dart slugs (D:2)
  5 leopard geckos
  29 orcs
  4 ball pythons
  8 bats
  8 giant cockroaches
  6 goblins
  4 hobgoblins
  5 jackals
  8 quokkas
  8 frilled lizards
  17 kobolds
  12 rats
275 creatures vanquished.

Vanquished Creatures (others)
  46 fungi (D:8)
  54 plants (D:8)
100 creatures vanquished.

Grand Total: 375 creatures vanquished

Notes
Turn   | Place    | Note
-------+----------+-------------------------------------------
     0 | D:1      | funkygono the Gargoyle Earth Elementalist began the quest
                  | for the Orb.
     0 | D:1      | Reached XP level 1. HP: 10/10 MP: 3/3
   221 | D:1      | Reached XP level 2. HP: 15/15 MP: 3/5
   400 | D:1      | Reached skill level 4 in Earth Magic
  1036 | D:2      | Reached XP level 3. HP: 19/19 MP: 3/6
  1394 | D:2      | Learned a level 3 spell: Stone Arrow
  1606 | D:2      | Reached XP level 4. HP: 24/24 MP: 5/8
  2033 | D:3      | Found a shimmering blue altar of Sif Muna.
  2171 | D:3      | Reached skill level 5 in Earth Magic
  2186 | D:3      | Reached XP level 5. HP: 19/28 MP: 2/9
  2283 | D:3      | Found a glowing drain.
  2384 | Sewer    | Entered a sewer
  2511 | Sewer    | Reached skill level 1 in Conjurations
  3430 | D:3      | Learned a level 5 spell: Lee's Rapid Deconstruction
  3766 | D:3      | Reached XP level 6. HP: 33/33 MP: 7/11
  4153 | D:4      | Reached skill level 1 in Maces & Flails
  4190 | D:4      | Reached skill level 6 in Earth Magic
  4195 | D:4      | Noticed Eustachio
  4201 | D:3      | Reached skill level 1 in Armour
  4201 | D:3      | Reached XP level 7. HP: 37/37 MP: 5/13
  4301 | D:3      | Killed Eustachio
  4302 | D:3      | Reached skill level 1 in Fighting
  4414 | D:4      | Found a runed translucent door.
  4415 | D:4      | Noticed Crazy Yiuf
  4422 | D:4      | Killed Crazy Yiuf
  4682 | D:4      | Found a white marble altar of Elyvilon.
  5060 | D:5      | Entered Level 5 of the Dungeon
  5085 | D:5      | Found a staircase to the Ecumenical Temple.
  5096 | Temple   | Entered the Ecumenical Temple
  5158 | Temple   | Became a worshipper of Vehumet
  5585 | D:5      | Noticed Menkaure
  5589 | D:5      | Killed Menkaure
  5590 | D:5      | Reached XP level 8. HP: 43/43 MP: 7/15
  5726 | D:5      | Noticed Pikel
  5742 | D:5      | Killed Pikel
  5743 | D:5      | Reached skill level 5 in Spellcasting
  5743 | D:5      | Reached skill level 7 in Earth Magic
  6410 | D:6      | Noticed Edmund
  6421 | D:6      | Killed Edmund
  6422 | D:6      | Reached skill level 8 in Earth Magic
  6422 | D:6      | Reached XP level 9. HP: 48/48 MP: 4/18
  6568 | D:6      | Noticed Blork the orc
  6570 | D:6      | Killed Blork the orc
  6929 | D:6      | Reached * piety under Vehumet
  6929 | D:6      | Offered knowledge of Magic Dart by Vehumet.
  7056 | D:6      | Found Deeriusiriod's Magic Scroll Boutique.
  7060 | D:6      | Reached skill level 5 in Conjurations
  7060 | D:6      | Reached skill level 9 in Earth Magic
  7832 | D:6      | Noticed Grinder
  7837 | D:6      | Killed Grinder
  8536 | D:7      | Reached XP level 10. HP: 45/53 MP: 9/21
  9341 | D:8      | Found a bloodstained altar of Trog.
  9369 | D:8      | Noticed Gastronok
  9383 | D:8      | Killed Gastronok
  9384 | D:8      | Reached skill level 10 in Earth Magic
  9621 | D:8      | Offered knowledge of Freeze by Vehumet.
  9624 | D:8      | Learned a level 1 spell: Freeze
  9662 | D:8      | Noticed Raspi's ghost (novice FoCK)
  9663 | D:8      | Found a transporter.
  9664 | D:8      | Noticed a four-headed hydra
  9683 | D:8      | Found a transporter.
  9704 | D:8      | Reached ** piety under Vehumet
  9759 | D:8      | Noticed Prince Ribbit
  9787 | D:8      | Killed Prince Ribbit
  9819 | D:8      | Reached XP level 11. HP: 18/57 MP: 5/24
  9875 | D:8      | Noticed Psyche
 10111 | D:8      | Found a staircase to the Lair.
 10123 | D:8      | Killed Psyche
 10124 | D:8      | Reached skill level 11 in Earth Magic
 10357 | D:8      | Noticed Harold
 10370 | D:8      | Killed Harold
 10785 | D:8      | Reached skill level 10 in Spellcasting
 10975 | D:9      | Found a runed translucent door.
 10975 | D:9      | Found a shimmering altar of Xom.
 10975 | D:9      | Noticed IHuginn's ghost (novice TrBe)
 10976 | D:9      | Noticed a +2 mace of chaos
 11030 | D:9      | Offered knowledge of Frozen Ramparts by Vehumet.
 11040 | D:9      | Learned a level 3 spell: Frozen Ramparts
 11463 | D:9      | Reached *** piety under Vehumet
 11537 | D:9      | Found a staircase to the Orcish Mines.
 11658 | D:9      | Found Hig Uck's General Store.
 11721 | D:9      | Reached skill level 1 in Ice Magic
 11948 | D:9      | Found a roughly hewn altar of Beogh.
 11958 | D:9      | Offered knowledge of Hailstorm by Vehumet.
 11964 | D:9      | Learned a level 4 spell: Hailstorm
 12145 | D:10     | Entered Level 10 of the Dungeon
 12740 | D:10     | Mangled by an enormous slime creature

Illustrated notes

Levels and vault maps discovered:
D:1:      scummos_arrival_simple_fountains, layout_loops_corners
D:2:      layout_loops_ring, minmay_tetromino_t4
D:3:      layout_loops_ring, lemuel_crystal_altar, gup_sewer_entry_pipe
D:4:      layout_cave_pools, elyvilon_altar_5, uniq_eustachio,
          uniq_crazy_yiuf_cottage
D:5:      layout_loops_cross, minmay_temple_entry_overgrown, uniq_pikel,
          uniq_menkaure
D:6:      layout_loops_ring, serial_shops, shop, chequers_avenue,
          minmay_manual_monstrance, uniq_edmund, uniq_grinder,
          uniq_blork_the_orc
D:7:      layout_gridville
D:8:      layout_gridville, due_lair_maze_entry_diamond, basic_altar,
          gammafunk_ghost_arena, uniq_harold, uniq_prince_ribbit1,
          uniq_gastronok, uniq_psyche
D:9:      layout_gridville, minmay_orc_entry_temple_small, serial_shops,
          kennysheep_little_box, ebering_ghost_xom, st_stairs_5,
          minmay_misc_feat_pillars
D:10:     layout_rooms, special_room [special_room_orc], minmay_hedge_maze
Temple:   nicolae_temple_the_god_donut

Skill      XL: |  1  2  3  4  5  6  7  8  9 10 11 |
---------------+----------------------------------+-----
Earth Magic    | 4 5 6 8 9 10 11 | 11.6
Spellcasting   | 3 4 6 7 9 10 | 10.5
Conjurations   | 1 2 3 4 6 7 8 |  8.3
Maces & Flails | 1 2 3 4 |  4.3
Dodging        | 2 |  2.9
Armour         | 1 2 3 |  3.6
Fighting       | 1 2 |  2.3
Stealth        | 3 |  3.2
Ice Magic      | 1 |  1.1
Transmutations | |  0.7

Action                   |  1- 3 |  4- 6 |  7- 9 | 10-12 || total
-------------------------+-------+-------+-------+-------++-------
Melee: Unarmed           |     3 |       |       |       ||     3
       Club              |    19 |    99 |       |       ||   118
       Whip              |       |    95 |   154 |   125 ||   374
 Cast: Sandblast         |    54 |    35 |    24 |    72 ||   185
       Stone Arrow       |       |    35 |    94 |    94 ||   223
       Lee's Rapid Decon |       |       |       |     6 ||     6
       Frozen Ramparts   |       |       |       |     7 ||     7
       Hailstorm         |       |       |       |     2 ||     2
  Use: Scroll            |     7 |     3 |    13 |     7 ||    30
       Potion            |       |       |       |     4 ||     4
Armor: Robe              |     5 |       |       |       ||     5
       Leather armour    |    14 |    84 |    57 |    37 ||   192
Dodge: Dodged            |    15 |   135 |   111 |    70 ||   331
